 Dungeon Crawl Stone Soup version 0.19.4-9-g45fd643 (webtiles) character file.

134 empire the Skirmisher (level 4, -7/40 HPs)
             Began as a Draconian Monk on Feb 17, 2017.
             Killed by divine providence
             ... invoked by an orc priest
              (15 damage)
             ... on level 3 of the Dungeon.
             The game lasted 00:05:32 (2191 turns).

empire the Skirmisher (Draconian Monk)              Turns: 2191, Time: 00:05:33

Health: -7/40      AC:  5    Str: 14    XL:     4   Next: 95%
Magic:  4/4        EV: 13    Int:  8    God:
Gold:   93         SH:  0    Dex: 14    Spells: 0 memorised, 3 levels left

rFire  + . .     SeeInvis .     a - +0 short sword
rCold  + . .     Gourm    .     (armour unavailable)
rNeg   . . .     Faith    .     (no shield)
rPois  +         Spirit   .     (helmet restricted)
rElec  +         Reflect  .     (no cloak)
rCorr  +         Harm     .     (no gloves)
MR     .....                    (no boots)
Stlth  ++........               j - amulet of regeneration
                                (no ring)
                                p - -2 ring of intelligence (curse)

@: resistant, flying
A: unfitting armour, cold-blooded, AC +5
a: no special abilities


You were on level 3 of the Dungeon.
You were not hungry.

You visited 1 branch of the dungeon, and saw 3 of its levels.

You collected 93 gold pieces.

Inventory:

Hand Weapons
 a - a +0 short sword (weapon)
Jewellery
 j - an amulet of regeneration (around neck)
 p - a cursed -2 ring of intelligence (left hand)
 q - an uncursed ring of see invisible {unknown}
Wands
 o - a wand of iceblast (6/15)
Scrolls
 l - a scroll of immolation {unknown}
 m - a scroll of remove curse {unknown}
 n - 3 scrolls of identify {unknown}
 r - a scroll of enchant armour {unknown}
Potions
 e - 2 potions of resistance
 g - 2 potions of flight
Comestibles
 b - a bread ration
 c - 5 fruits
 f - a royal jelly
 i - a beef jerky


   Skills:
 + Level 4.1 Fighting
 + Level 3.8 Short Blades
 + Level 3.5 Dodging
 + Level 2.9 Stealth


You had 3 spell levels left.
You didn't know any spells.

Dungeon Overview and Level Annotations

Branches:
Dungeon (3/15)

Altars:
Fedhas


Innate Abilities, Weirdness & Mutations

Your plain brown scales are hard. (AC +5)
You cannot fit into any form of body armour.
You are cold-blooded and may be slowed by cold attacks.


Message History

The orc priest calls upon Beogh to heal the orc.
The orc's wounds heal themselves!
As you read the scroll labeled URCHAN ZELELI, it crumbles to dust.
You hear a loud clanging noise!
It was a scroll of noise.
The orc closely misses you.
You closely miss the orc.
You tail-slap the orc, but do no damage.
The orc barely misses you.
You barely miss the orc.
Your tail-slap misses the orc.
The orc hits you.
* * * LOW HITPOINT WARNING * * *
It was a potion of resistance.
You feel protected. The orc closely misses you.
It was a potion of flight.
You feel very buoyant.
You fly up into the air.
The orc barely misses you.
It was a potion of cure mutation.
It has a very clean taste.
The orc priest calls down the wrath of Beogh upon you.
Beogh smites you!
You die...

........ ###.%...#
....... ######..o# #
.........#.#
#######..#.#
...........#
#########.o######
.........oooo@.#
#.....#######.#
#...........#.#
#.....#####.#.#
#####.........#.#.####
....#....((...#.#....#
....##+##.....#.#....#
....##.##.)†)##.#....#
....##.##..<.'..#.####


You could see an orc priest, an orc wizard and 3 orcs.

Vanquished Creatures
  4 gnolls
  3 adders
  2 worms (D:2)
  4 leopard geckos
  2 orcs (D:3)
  3 giant cockroaches (D:1)
  8 goblins
  4 hobgoblins
  2 jackals (D:1)
  10 kobolds
  A ball python (D:1)
  5 bats
  4 frilled lizards
  7 rats
59 creatures vanquished.

Notes
Turn   | Place    | Note
-------+----------+-------------------------------------------
     0 | D:1      | empire the Draconian Monk began the quest for the Orb.
     0 | D:1      | Reached XP level 1. HP: 19/19 MP: 1/1
    95 | D:1      | Reached XP level 2. HP: 12/26 MP: 2/2
   893 | D:1      | Reached XP level 3. HP: 29/31 MP: 3/3
  1263 | D:2      | Reached XP level 4. HP: 36/40 MP: 4/4
  1344 | D:2      | Found a faded altar of an unknown god.
  1480 | D:2      | Reached skill level 4 in Fighting
  1530 | D:2      | Found a blossoming altar of Fedhas.
  2191 | D:3      | Killed from afar by an orc priest

Skill      XL: |  1  2  3  4 |
---------------+-------------+-----
Dodging        | 3 |  3.5
Stealth        | 2 |  2.9
Fighting       | 4 |  4.1
Short Blades   | |  3.8

Action                   |  1- 3 |  4- 6 || total
-------------------------+-------+-------++-------
Melee: Short sword       |   140 |   113 ||   253
       Tailslap          |    16 |    12 ||    28
  Use: Potion            |       |     3 ||     3
       Scroll            |       |     2 ||     2
 Stab: Sleeping          |     3 |     6 ||     9
  Eat: Chunk             |       |     4 ||     4
Armor: Skin              |    40 |    31 ||    71
Dodge: Dodged            |   128 |    84 ||   212
